 Dungeon Crawl Stone Soup version 0.22-a0-266-g5fdf0d7d63 (webtiles) character file.

19618 Manul the Unseen (level 12, -2/91 HPs)
             Began as a Vampire Assassin on Mar 8, 2018.
             Was a High Priest of Dithmenos.
             Killed from afar by Azrael (7 damage)
             ... with a fireball
             ... on level 12 of the Dungeon.
             The game lasted 00:36:01 (26912 turns).

Manul the Unseen (Vampire Assassin)                Turns: 26912, Time: 00:36:01

Health: -2/91      AC: 11    Str: 10    XL:     12   Next: 38%
Magic:  13/13      EV: 20    Int: 22    God:    Dithmenos [*****.]
Gold:   1154       SH:  0    Dex: 23    Spells: 10/11 levels left

rFire    . . .     SeeInvis +   w - +3 dagger (speed)
rCold    . . .     Gourm    .   (no shield)
rNeg     + + .     Faith    .   s - +2 leather armour {rN+}
rPois    .         Spirit   .   a - +1 helmet {Int+3}
rElec    .         Reflect  .   d - +0 cloak
rCorr    .         Harm     .   i - +0 pair of gloves (curse)
MR       +....                  K - +0 pair of boots
Stlth    ++++++++++             I - amulet of regeneration
HPRegen  0.65/turn              B - +5 ring of intelligence
MPRegen  0.13/turn              p - +3 ring of dexterity

@: wreathed by umbra
A: fangs 3, see invisible, unbreathing
a: Bat Form, Shadow Step, Shadow Form, Renounce Religion


You were on level 12 of the Dungeon.
You worshipped Dithmenos.
Dithmenos was extremely pleased with you.
You were not thirsty.

You visited 3 branches of the dungeon, and saw 15 of its levels.

You collected 1224 gold pieces.
You spent 70 gold pieces at shops.

Inventory:

Hand Weapons
 b - a +0 blowgun
 g - a +0 dagger of venom
 v - a +2 short sword of speed
 w - a +3 dagger of speed (weapon)
 x - a +0 shortbow
 H - a +1 dagger of freezing
 O - a +2 short sword of venom
Missiles
 e - 6 poisoned needles
 f - 10 curare-tipped needles
 F - 99 arrows
Armour
 a - a +1 helmet of intelligence (worn)
 c - a +0 robe
 d - a +0 cloak (worn)
 i - a cursed +0 pair of gloves (worn)
 k - a +0 ring mail
 s - a +2 leather armour of positive energy (worn)
 K - a +0 pair of boots (worn)
Jewellery
 p - a +3 ring of dexterity (right hand)
 B - a +5 ring of intelligence (left hand)
 I - an amulet of regeneration (around neck)
Wands
 n - a wand of polymorph (46)
 r - a wand of iceblast (19)
 J - a wand of paralysis (7)
Scrolls
 j - 5 scrolls of identify
 l - a scroll of blinking
 q - 4 scrolls of fear
 y - 3 scrolls of teleportation
 A - a scroll of amnesia
 D - 2 scrolls of remove curse
 G - 2 scrolls of fog
 M - a scroll of magic mapping
Potions
 h - a potion of magic {unknown}
 m - 4 potions of curing
 o - 2 potions of heal wounds
 t - 5 potions of berserk rage {unknown}
 u - 2 potions of agility {unknown}
 z - a potion of haste {unknown}
 C - a potion of flight
 E - a potion of invisibility
 L - 10 potions of blood
Miscellaneous
 N - a phantom mirror


   Skills:
 + Level 7.5 Fighting
 - Level 9.6 Short Blades
 + Level 1.5 Bows
 - Level 1.7 Throwing
 + Level 5.7 Armour
 + Level 9.4 Dodging
 - Level 18.6 Stealth
 + Level 2.2 Evocations


You had 10 spell levels left.
You knew the following spells:

 Your Spells              Type           Power        Failure   Level  Hunger
a - Animate Skeleton      Necr           N/A          22%         1    ##.....


Dungeon Overview and Level Annotations

Branches:
Dungeon (12/15)            Temple (1/1) D:7            Lair (0/6) D:9
    Orc (2/2) D:9             Elf (0/3) Orc:2

Altars:
Ashenzari
Cheibriados
Dithmenos
Elyvilon
Fedhas
Gozag
Hepliaklqana
Kikubaaqudgha
Makhleb
Nemelex Xobeh
Okawaru
Qazlal
Ru
Sif Muna
Trog
Uskayaw
Vehumet
Wu Jian
Xom
Yredelemnul
Zin
The Shining One
Beogh

Shops:
D:5 *}=[   D:9 =   Orc:1 [   Orc:2 *([?!

Annotations:
D:12 Azrael


Innate Abilities, Weirdness & Mutations

You have razor-sharp teeth.
You have supernaturally acute eyesight. (SInv)
You can survive without breathing.


Message History

The fire elemental is almost destroyed.
The fire elemental barely misses you.
You hit the fire elemental.
The fire elemental is almost destroyed.
You closely miss the fire elemental.
The fire elemental is almost destroyed.
The hell hound breathes flames at you.
The blast of flame hits the fire elemental.
The fire elemental completely resists.
The blast of flame hits you!
* * * LOW HITPOINT WARNING * * *
You barely miss the fire elemental.
The fire elemental is almost destroyed.
The fire elemental hits you. The fire elemental burns you!
* * * LOW HITPOINT WARNING * * *
Azrael gestures at you.
The fireball explodes!
The fireball engulfs the fire elemental.
The fire elemental completely resists.
The fireball engulfs Azrael.
Azrael completely resists.
The fireball engulfs you!
You die...

####################
#.......................#
#.............>.........#
#.......................#
#.(................[....#
#.............######....#
#.............#....#.<..#
+.............+....#....#
#.............#@# #....###
#....#'###'####E##+#####..#
#....#..[...#.Rhh§§o§.....#
#....#......#..hE.§E).....#
#....#......#......§......#
#....#......+.............#
##....#..######..##..##...##
......#..# #..######.....
......#..+ #... .......


You could see Azrael, 2 fire elementals and 3 hell hounds.

Vanquished Creatures
  An orc warlord (Orc:2)
  A centaur warrior (D:11)
  2 two-headed ogres (D:11)
  2 orc high priests
  A cyclops (D:11)
  2 orc sorcerers (Orc:1)
  Joseph (D:8)
  Psyche (D:12)
  A komodo dragon (D:11)
  4 trolls
  A hippogriff (D:11)
  A spriggan (D:7)
  8 yaks
  2 wyverns
  2 hungry ghosts (D:9)
  A steam dragon (D:8)
  Eustachio (D:6)
  A warg (Orc:2)
  28 orc warriors
  2 water moccasins (D:5)
  A porcupine (D:9)
  5 ice beasts
  2 sky beasts
  3 black bears
  9 ogres
  3 phantoms
  A necrophage (D:10)
  5 centaurs
  A crocodile (D:8)
  2 big kobolds (D:9)
  6 bullfrogs
  5 scorpions
  A wyvern skeleton (D:8)
  5 killer bees (D:7)
  19 wights
  2 howler monkeys
  A bullfrog zombie (D:12)
  4 crimson imps
  A centaur zombie (D:10)
  A quasit (D:5)
  3 hounds
  6 jellies
  20 orc priests
  4 bullfrog skeletons
  A gnoll shaman (D:6)
  Ijyb (D:4)
  2 iguanas (D:11)
  30 orc wizards
  11 worker ants
  A mummy (D:6)
  2 hound zombies
  3 hound skeletons
  A howler monkey skeleton (D:11)
  A worker ant zombie (D:7)
  Robin (D:4)
  A gnoll (D:6)
  15 adders
  2 shadow imps (D:11)
  An ooze (D:3)
  2 adder skeletons
  2 worms
  3 dart slugs
  4 leopard geckos
  90 orcs
  6 bats
  9 giant cockroaches
  15 goblins
  8 hobgoblins
  13 jackals
  7 quokkas
  4 frilled lizards
  2 hobgoblin zombies (D:6)
  A jackal skeleton (D:5)
  12 kobolds
  2 kobold zombies (D:6)
  8 rats
434 creatures vanquished.

Vanquished Creatures (others)
  An orc priest (D:12)
  An orc wizard (Orc:1)
  4 orcs
6 creatures vanquished.

Grand Total: 440 creatures vanquished

Notes
Turn   | Place    | Note
-------+----------+-------------------------------------------
     0 | D:1      | Manul the Vampire Assassin began the quest for the Orb.
     0 | D:1      | Reached XP level 1. HP: 16/16 MP: 1/1
   133 | D:1      | Reached skill level 6 in Stealth
   138 | D:1      | Reached XP level 2. HP: 10/22 MP: 2/2
   765 | D:2      | Found a bloodstained altar of Trog.
   886 | D:2      | Reached XP level 3. HP: 26/27 MP: 3/3
  1471 | D:2      | Reached skill level 7 in Stealth
  1926 | D:3      | Reached XP level 4. HP: 32/33 MP: 4/4
  2647 | D:4      | Noticed Robin
  2960 | D:3      | Reached skill level 1 in Armour
  3530 | D:4      | Killed Robin
  3603 | D:4      | Reached XP level 5. HP: 24/38 MP: 5/5
  3939 | D:4      | Reached skill level 8 in Stealth
  4069 | D:4      | Noticed Ijyb
  4073 | D:4      | Killed Ijyb
  4345 | D:4      | Reached XP level 6. HP: 44/44 MP: 6/6
  4554 | D:5      | Entered Level 5 of the Dungeon
  4554 | D:5      | Found Ysyotzig's Jewellery Shop.
  5504 | D:5      | Found Ynuc Soq's Gadget Boutique.
  5511 | D:5      | Reached skill level 9 in Stealth
  5531 | D:5      | Noticed a water moccasin
  5538 | D:5      | Killed a water moccasin
  5538 | D:5      | Reached XP level 7. HP: 51/51 MP: 7/7
  5568 | D:5      | Found Desykuk's Armour Emporium.
  5611 | D:5      | Learned a level 1 spell: Animate Skeleton
  5628 | D:5      | Found Uckyex's Assorted Antiques.
  5803 | D:6      | Reached skill level 10 in Stealth
  7197 | D:6      | Reached skill level 5 in Short Blades
  7197 | D:6      | Reached XP level 8. HP: 34/57 MP: 8/8
  7269 | D:6      | Noticed Eustachio
  7274 | D:6      | Killed Eustachio
  7274 | D:6      | Reached skill level 11 in Stealth
  8407 | D:7      | Found a blossoming altar of Fedhas.
  8805 | D:7      | Reached skill level 12 in Stealth
  9316 | D:7      | Reached skill level 1 in Evocations
  9351 | D:7      | Reached XP level 9. HP: 27/65 MP: 9/9
 10007 | D:7      | Found a staircase to the Ecumenical Temple.
 10444 | Temple   | Entered the Ecumenical Temple
 10706 | Temple   | Became a worshipper of Dithmenos the Shadowed
 11380 | D:6      | Reached skill level 13 in Stealth
 11691 | D:8      | Reached * piety under Dithmenos
 12025 | D:8      | Noticed Joseph
 12030 | D:8      | Killed Joseph
 12030 | D:8      | Reached skill level 14 in Stealth
 12939 | D:8      | Reached XP level 10. HP: 68/73 MP: 11/11
 12972 | D:8      | Reached skill level 5 in Dodging
 13024 | D:9      | Reached ** piety under Dithmenos
 13111 | D:9      | Found Midiad's Jewellery Shoppe.
 13124 | D:9      | Found a deep blue altar of Sif Muna.
 13175 | D:9      | Reached skill level 5 in Fighting
 13708 | D:9      | Reached skill level 15 in Stealth
 14212 | D:9      | Found a staircase to the Orcish Mines.
 14390 | D:9      | Identified Sif Muna's Papyrus of the Voyage
 14500 | D:9      | Found a staircase to the Lair.
 14586 | D:10     | Entered Level 10 of the Dungeon
 15928 | D:10     | Reached *** piety under Dithmenos
 16047 | D:10     | Found a shadowy altar of Dithmenos.
 16095 | D:10     | Reached skill level 16 in Stealth
 16254 | D:11     | Noticed a two-headed ogre
 16261 | D:11     | Killed a two-headed ogre
 16269 | D:11     | Reached XP level 11. HP: 81/81 MP: 12/12
 16432 | D:11     | Noticed a two-headed ogre
 16855 | Orc:1    | Entered Level 1 of the Orcish Mines
 17543 | Orc:1    | Found Izarghi's Armour Shoppe.
 17720 | Orc:1    | Reached skill level 17 in Stealth
 17721 | Orc:1    | Found a roughly hewn altar of Beogh.
 17845 | Orc:2    | Entered Level 2 of the Orcish Mines
 17845 | Orc:2    | Found a staircase to the Elven Halls.
 17845 | Orc:2    | Noticed an orc high priest
 17858 | Orc:2    | Noticed a sixfirhy
 17882 | Orc:1    | Noticed a sixfirhy
 17882 | Orc:1    | Killed an orc high priest
 18351 | D:9      | HP: 4/81 [orc warrior/war axe (20)]
 20475 | Orc:2    | Reached **** piety under Dithmenos
 22275 | Orc:2    | Reached skill level 5 in Armour
 22351 | Orc:2    | Noticed an orc warlord
 22385 | Orc:2    | Killed an orc warlord
 22444 | Orc:2    | Reached skill level 18 in Stealth
 22453 | Orc:2    | Found a roughly hewn altar of Beogh.
 22456 | Orc:2    | Found Jocugg's Assorted Antiques.
 22852 | Orc:2    | Noticed an orc sorcerer
 23078 | Orc:1    | Killed an orc sorcerer
 23116 | Orc:2    | Found Birecvof's Antique Weapon Emporium.
 23119 | Orc:2    | Found Zoutz's Antique Armour Shoppe.
 23172 | Orc:2    | Found a roughly hewn altar of Beogh.
 23224 | Orc:2    | Noticed an orc high priest
 23229 | Orc:2    | Found a roughly hewn altar of Beogh.
 23234 | Orc:2    | Killed an orc high priest
 23540 | Orc:2    | Found Sawog's Magic Scroll Boutique.
 23682 | Orc:2    | Found a roughly hewn altar of Beogh.
 23733 | Orc:2    | Found a roughly hewn altar of Beogh.
 23747 | Orc:2    | Noticed an orc sorcerer
 24382 | Orc:1    | Killed an orc sorcerer
 24382 | Orc:1    | Reached ***** piety under Dithmenos
 24382 | Orc:1    | Reached XP level 12. HP: 84/89 MP: 13/13
 24409 | Orc:2    | Found Tatetos's Distillery.
 24414 | Orc:2    | Bought a potion of heal wounds for 70 gold pieces
 24774 | D:11     | Killed a two-headed ogre
 24820 | D:11     | Noticed a centaur warrior
 24870 | D:11     | Killed a centaur warrior
 25435 | D:11     | Reached skill level 1 in Bows
 26509 | D:12     | Noticed Psyche
 26557 | D:12     | Killed Psyche
 26862 | D:12     | Noticed Azrael
 26912 | D:12     | Killed from afar by Azrael

Vault maps used:
D:1:      lightli_molten_gateway, nrook_mini_vaults
D:2:      bloody_trog
D:3:      first_ration, palyth_stone_intersect
D:4:      uniq_ijyb, uniq_robin
D:5:      serial_shops, shop, shop, shop, shop
D:6:      gup_sewer_entry_glass, minmay_mini_ossuary, uniq_eustachio
D:7:      minmay_temple_entry_nine_rooms, basic_altar, the_bakery, minivault_19
D:8:      uniq_joseph
D:9:      grunt_lair_entry_orc_guard_hut, orc_0_dummy, serial_shops, shop,
          led_sif_book
D:10:     basic_altar
D:11:     minmay_cornered_nines, kennysheep_generic_room_3
D:12:     uniq_psyche, uniq_azrael, uniq_fannar
Temple:   nicolae_temple_the_god_donut
Orc:1:    serial_shops, shop_fountains, minmay_orc_temple_a
Orc:2:    grunt_orc_community_town_hall, grunt_orc_community_big_house_2,
          grunt_orc_community_big_house_2, grunt_orc_community_house_3,
          grunt_orc_community_house_1, grunt_orc_community_house_3,
          grunt_orc_community_house_1, serial_shops, shop,
          statue_in_the_mist_lemuel

Skill      XL: |  1  2  3  4  5  6  7  8  9 10 11 12 |
---------------+-------------------------------------+-----
Stealth        | 6 7 8 9 10 12 14 16 18 | 18.6
Short Blades   | 3 4 5 6 7 8 9 |  9.6
Fighting       | 2 3 4 6 7 |  7.5
Armour         | 1 2 3 4 5 |  5.7
Dodging        | 2 4 6 8 9 |  9.4
Evocations     | 1 2 |  2.2
Bows           | 1 |  1.5
Throwing       | |  1.7

Action                   |  1- 3 |  4- 6 |  7- 9 | 10-12 || total
-------------------------+-------+-------+-------+-------++-------
Melee: Dagger            |   133 |   204 |   748 |  2258 ||  3343
       Bite              |    12 |    27 |    79 |   371 ||   489
       Short sword       |       |       |       |    67 ||    67
       Unarmed           |       |       |       |     1 ||     1
 Fire: Blowgun           |       |       |     6 |     3 ||     9
 Abil: End Transformatio |       |       |     5 |     6 ||    11
       Bat Form          |       |       |     5 |     6 ||    11
Evoke: Wand              |       |     4 |    17 |    17 ||    38
  Use: Scroll            |     6 |       |     4 |     9 ||    19
       Potion            |       |     7 |    12 |    17 ||    36
 Stab: Sleeping          |    13 |    11 |    26 |    51 ||   101
       Paralysed         |       |     2 |     4 |     1 ||     7
       Distracted        |       |     1 |     2 |     5 ||     8
       Invisible         |       |       |       |    11 ||    11
  Eat: Corpse            |     1 |       |     2 |    13 ||    16
Armor: Robe              |     9 |       |    21 |       ||    30
       Ring mail         |    47 |    60 |    47 |       ||   154
       Leather armour    |       |       |    32 |   213 ||   245
Dodge: Dodged            |    71 |    54 |   267 |  1144 ||  1536

Table legend:
 A = Spawn XP
 B = Non-spawn XP
 C = Spawn XP percentage of total XP
 D = Spawn monster count
 E = Non-spawn monster count
 F = Spawn count percentage of total count
 G = Total turns spent on level
                    A         B        C        D         E        F      G
               +---------+---------+-------+---------+---------+-------+---------
         Total |       0 |   28026 |   0.0 |       0 |     435 |   0.0 | 26912
               +---------+---------+-------+---------+---------+-------+---------
           D:1 |       0 |      26 |   0.0 |       0 |      15 |   0.0 |   619
           D:2 |       0 |      38 |   0.0 |       0 |      18 |   0.0 |  1089
           D:3 |       0 |      95 |   0.0 |       0 |      24 |   0.0 |  1708
           D:4 |       0 |     243 |   0.0 |       0 |      23 |   0.0 |  1138
           D:5 |       0 |     572 |   0.0 |       0 |      16 |   0.0 |  2611
           D:6 |       0 |    1075 |   0.0 |       0 |      43 |   0.0 |  1789
           D:7 |       0 |    1553 |   0.0 |       0 |      25 |   0.0 |  2450
           D:8 |       0 |    1767 |   0.0 |       0 |      29 |   0.0 |  2185
           D:9 |       0 |    3657 |   0.0 |       0 |      54 |   0.0 |  4278
          D:10 |       0 |    1667 |   0.0 |       0 |      24 |   0.0 |  1934
          D:11 |       0 |    5925 |   0.0 |       0 |      35 |   0.0 |  1866
          D:12 |       0 |    1821 |   0.0 |       0 |      14 |   0.0 |   568
         Orc:1 |       0 |    4467 |   0.0 |       0 |      54 |   0.0 |  2941
         Orc:2 |       0 |    5120 |   0.0 |       0 |      61 |   0.0 |  1451
               +---------+---------+-------+---------+---------+-------+---------
